 Dungeon Crawl Stone Soup version 0.31-a0-8-gd14b0f4ee2 (webtiles) character file.

Game seed: 11770264200129584406

26991 Sabo the Carver (level 13, -4/69 HPs)
             Began as a Vine Stalker Fighter on May 5, 2023.
             Was a High Priest of Makhleb.
             Killed by divine providence
             ... invoked by an orc priest
              (11 damage)
             ... on level 2 of the Orcish Mines on May 6, 2023.
             The game lasted 01:27:46 (14669 turns).

Sabo the Carver (Vine Stalker Fighter)             Turns: 14669, Time: 01:27:47

Health: -4/69      AC: 50    Str: 22    XL:     13   Next: 29%
Magic:  0/23       EV:  4    Int: 13    God:    Makhleb [*****.]
Gold:   838        SH:  9    Dex: 16    Spells: 12/12 levels left

rFire   . . .        g - +10 long sword of Intuition {protect, rElec rC+++ Will- Int+2}
rCold   + + +        e - +3 warlock's mirror {omnireflect}
rNeg    . . .        O - +12 crystal plate armour of Honour {rElec rPois Int+3}
rPois   +            z - +2 hat {Will+}
rElec   +            o - +2 cloak
rCorr   .            I - +2 pair of gloves {infuse}
SInv    +            E - +2 pair of boots
Will    +....        f - amulet of the acrobat Stlth
                     p - ring of see invisible
HPRegen 1.11/turn    G - ring of magical power
MPRegen 0.18/turn

%: reflection, acrobat, guardian spirit
@: marked, under a protective aura
A: fangs 3, regeneration 1, magic shield, antimagic bite, no potion heal 2,
talons 1, evolution 1
a: Renounce Religion, Minor Destruction, Lesser Servant of Makhleb, Major
Destruction, Greater Servant of Makhleb


You were on level 2 of the Orcish Mines.
You worshipped Makhleb.
Makhleb was extremely pleased with you.
You visited 3 branches of the dungeon, and saw 15 of its levels.
You also visited: Sewer.

You collected 1036 gold pieces.
You spent 198 gold pieces at shops.

Inventory:

Hand Weapons
 g - the +10 long sword of Intuition (weapon) {protect, rElec rC+++ Will- Int+2}
   (You acquired it on level 5 of the Dungeon)

   Int:       It affects your intelligence (+2).
   rC:        It renders you almost immune to cold.
   rElec:     It insulates you from electricity.
   Will:      It decreases your willpower.
 q - a +3 arbalest of draining
 y - a +2 shortbow of freezing
 R - a +8 broad axe of venom
Missiles
 s - 18 boomerangs
 w - a throwing net
 A - 43 poisoned darts
 B - 10 javelins (quivered)
Armour
 e - the +3 warlock's mirror (worn) {omnireflect}
   (You found it on level 10 of the Dungeon)

   Omnireflect: It can block and reflect piercing ranged attacks and magical
   attacks against the wielder's willpower.
 o - a +2 cloak (worn)
 z - a +2 hat of willpower (worn)
 E - a +2 pair of boots (worn)
 I - a +2 pair of gloves of infusion (worn)
 O - the +12 crystal plate armour of Honour (worn) {rElec rPois Int+3}
   (You acquired it on level 9 of the Dungeon)

   Int:       It affects your intelligence (+3).
   rElec:     It insulates you from electricity.
   rPois:     It protects you from poison.
Jewellery
 f - an amulet of the acrobat (around neck)
 p - a ring of see invisible (left hand)
 D - a ring of flight
 G - a ring of magical power (right hand)
 Q - a ring of positive energy
Wands
 a - a wand of light (10)
 c - a wand of mindburst (4)
 t - a wand of flame (39)
 F - a wand of digging (7)
 J - a wand of iceblast (24)
 M - a wand of charming (12)
Scrolls
 h - 4 scrolls of blinking
 i - a scroll of fog
 j - 4 scrolls of magic mapping
 k - 5 scrolls of teleportation
 H - a scroll of poison
 N - a scroll of enchant armour
 P - a scroll of silence
 T - a scroll of fear
Potions
 b - a potion of resistance
 d - 4 potions of might
 l - 9 potions of curing
 n - a potion of lignification {unknown}
 r - a potion of brilliance {unknown}
 u - a potion of mutation
 v - a potion of haste {unknown}
 x - a potion of ambrosia {unknown}
 K - a potion of attraction {unknown}
 L - 2 potions of invisibility
 S - a potion of flight {unknown}
Miscellaneous
 C - a lightning rod (4/4)


   Skills:
 + Level 8.7 Fighting
 + Level 12.7 Long Blades
 + Level 5.8 Axes
 + Level 9.0 Armour
 + Level 2.2 Dodging
 + Level 1.7 Stealth
 + Level 8.4 Shields
 + Level 0.4 Evocations


You had 12 spell levels left.
You didn't know any spells.
Your spell library contained the following spells:

 Spells                   Type           Power      Damage    Failure   Level
 Freeze                   Ice            0%         1d3       100%        1
 Lesser Beckoning         Tloc           0%         N/A       100%        2
 Frozen Ramparts          Ice            0%         1d1       100%        3
 Gell's Gravitas          Tloc           0%         N/A       100%        3
 Hailstorm                Conj/Ice       0%         3d3       100%        3
 Teleport Other           Tloc           0%         N/A       100%        3
 Tukima's Dance           Hex            0%         N/A       100%        3
 Olgreb's Toxic Radiance  Pois           0%         N/A       100%        4
 Passage of Golubria      Tloc           0%         N/A       100%        4
 Alistair's Intoxication  Tmut/Pois      0%         N/A       100%        5
 Borgnjor's Vile Clutch   Necr/Erth      0%         N/A       100%        5
 Summon Forest            Summ/Tloc      0%         N/A       100%        5
 Summon Mana Viper        Hex/Summ       0%         N/A       100%        5
 Yara's Violent Unravell  Hex/Tmut       0%         3d3       100%        5
 Dispersal                Tloc           0%         N/A       100%        6
 Eringya's Noxious Bog    Tmut/Pois      0%         N/A       100%        6
 Summon Cactus Giant      Summ           0%         N/A       100%        6
 Discord                  Hex            0%         N/A       100%        8
 Ignition                 Fire           0%         3d3       100%        8


Dungeon Overview and Level Annotations

Branches:
Dungeon (12/15)            Temple (1/1) D:4            Lair (0/5) D:8
    Orc (2/2) D:12            Elf (0/3) Orc:2         Sewer (visited)

Altars:
Ashenzari
Cheibriados
Dithmenos
Elyvilon
Fedhas
Gozag
Hepliaklqana
Kikubaaqudgha
Makhleb
Nemelex Xobeh
Okawaru
Qazlal
Ru
Sif Muna
Trog
Uskayaw
Vehumet
Wu Jian
Xom
Yredelemnul
Zin
The Shining One

Shops:
D:4 [   D:10 (?*([

Annotations:
D:1 1 transporter


Innate Abilities, Weirdness & Mutations

You have razor-sharp teeth.
Your natural rate of healing is unusually fast.
When hurt, damage is shared between your health and your magic reserves.
Your bite disrupts and absorbs the magic of your enemies.
Potions cannot restore your health.
You have sharp toenails.
You have hidden genetic potential.


Message History

The orc priest miscasts a cantrip.
Aiming: Iceblast
Press: ? - help, Shift-Dir - straight line, f - orc
Aim: an orc, wielding a +0 trident (strong)
The mass of ice explodes!
The iceblast engulfs the orc!!
You kill the orc!
Makhleb accepts your kill.
You feel better.
The iceblast engulfs the orc priest!
You kill the orc priest!
Makhleb accepts your kill.
The iceblast engulfs the orc priest!
The orc priest is almost dead.
The iceblast engulfs the orc priest!
The orc priest is severely wounded.
The iceblast engulfs the orc warrior!
The orc warrior is moderately wounded.
The iceblast engulfs the orc warrior!
The orc warrior is moderately wounded.
The orc priest calls down the wrath of Beogh upon you.
Beogh smites you!
* * * LOW HITPOINT WARNING * * *
The orc priest calls upon Beogh to heal the orc warrior.
The orc warrior is healed somewhat.
You block the orc's attack.
The orc knight roars a battlecry!
The orcs go into a battle-frenzy!
The orc warrior hits you but does no damage.
Aiming: Iceblast
Press: ? - help, Shift-Dir - straight line, f - orc priest
Aim: an orc priest, wielding a +0 hand axe (almost dead, strong)
Okay, then.
You slash the orc priest!
You kill the orc priest!
Makhleb accepts your kill.
You feel better.
The orc priest calls down the wrath of Beogh upon you.
Beogh smites you!
* * * LOW HITPOINT WARNING * * *
The orc priest invokes the aid of Beogh against you.
Beogh smites you!
You die...

#.....).....#
##..)....####
#..........###
#............####
.............##.##
.>...##..........# .....#
#.....##.####
....####.........#.#o#o#.
...###.#.....##.@oooooo..
............#.#.o)o.oooo.
.#..........####..oooooo.
...........## ###.#o#.#.
##.......#..# ##ooo..
##.....##### .o.. #....##
#.. ##...# ## ###.#


You could see 3 orc knights, 5 orc warriors, 9 orc priests and 7 orcs.

Vanquished Creatures
  Gastronok (D:9)
  The ghost of Brunhilda the Fighter, a journeyman MiFi of Hepliaklqana (Orc:2)
  An ettin (Orc:2)
  Erolcha (D:11)
  2 boulder beetles
  3 two-headed ogres
  Urug (D:11)
  Amaemon (D:9)
  9 wizards
  An ugly thing (D:12)
  An orc sorcerer (Orc:2)
  2 gargoyles
  An orange demon (D:9)
  2 komodo dragons (D:8)
  4 kobold demonologists (D:11)
  5 trolls
  Grinder (D:5)
  2 hornets
  2 shadows (D:10)
  2 wraiths
  A vampire (D:12)
  2 wyverns
  A basilisk (D:11)
  22 yaks
  4 steam dragons
  A warg (Orc:2)
  Duvessa (D:7)
  An acid dragon (D:11)
  2 water moccasins
  4 orc warriors
  3 ice beasts
  4 black bears
  3 sky beasts
  3 ogres
  8 centaurs
  A phantom (D:7)
  5 kobold brigands
  4 bullfrogs
  A gnoll sergeant (D:10)
  3 scorpions
  3 wights (D:8)
  Dowan (D:7)
  17 killer bees
  4 howler monkeys
  A crimson imp (D:12)
  A jelly (D:6)
  7 orc priests
  3 hounds
  2 gnoll boudas
  A sleepcap (D:6)
  Jessica (D:2)
  3 iguanas
  Ijyb (D:3)
  5 orc wizards
  16 adders
  14 gnolls
  2 worms (D:3)
  A dart slug (D:1)
  40 orcs
  6 endoplasms
  5 giant cockroaches
  4 goblins
  5 hobgoblins
  22 kobolds
  9 quokkas
  9 ball pythons
  7 bats
  12 frilled lizards
  A rat (D:3)
320 creatures vanquished.

Vanquished Creatures (others)
  A wizard (D:10)
  A sky beast (D:8)
  An orc priest (Orc:2)
  A kobold (D:8)
  57 fungi (D:8)
  52 plants (D:8)
113 creatures vanquished.

Grand Total: 433 creatures vanquished

Notes
Turn   | Place    | Note
-------+----------+-------------------------------------------
     0 | D:1      | Sabo the Vine Stalker Fighter began the quest for the Orb.
     0 | D:1      | Reached XP level 1. HP: 11/11 MP: 2/2
   715 | D:1      | Reached XP level 2. HP: 12/16 MP: 3/3
  1441 | D:1      | Reached XP level 3. HP: 19/19 MP: 4/4
  1638 | D:2      | Noticed Jessica
  1645 | D:2      | Killed Jessica
  1861 | D:2      | Gained mutation: Your natural rate of healing is unusually
                  | fast. [Vine Stalker growth]
  1861 | D:2      | Reached XP level 4. HP: 23/24 MP: 5/5
  2964 | D:3      | Noticed Ijyb
  2980 | D:3      | Killed Ijyb
  3092 | D:3      | Reached XP level 5. HP: 28/28 MP: 6/6
  3211 | D:3      | Reached skill level 1 in Stealth
  3759 | D:4      | Noticed a centaur
  3776 | D:4      | Killed a centaur
  3777 | D:4      | Reached XP level 6. HP: 23/32 MP: 5/7
  4017 | D:4      | Found a staircase to the Ecumenical Temple.
  4040 | Temple   | Entered the Ecumenical Temple
  4153 | Temple   | Became a worshipper of Makhleb the Destroyer
  4273 | D:4      | Found Elug's Armour Shoppe.
  4290 | D:4      | Reached skill level 1 in Dodging
  4687 | D:5      | Entered Level 5 of the Dungeon
  4709 | D:5      | Noticed Grinder
  4720 | D:5      | Paralysed by Grinder for 3 turns
  4737 | D:5      | Killed Grinder
  4738 | D:5      | Reached XP level 7. HP: 37/37 MP: 5/8
  5290 | D:4      | Bought a +1 pair of gloves of infusion for 198 gold pieces
  5428 | D:5      | Reached skill level 5 in Axes
  5719 | D:5      | Identified a scroll of acquirement
  5720 | D:5      | Acquired the +10 long sword of Intuition {protect, rElec
                  | rC+++ Will- Int+2}
  5795 | D:6      | Noticed a troll
  5799 | D:6      | Gained mutation: You have razor-sharp teeth. [Vine Stalker
                  | growth]
  5799 | D:6      | Reached XP level 8. HP: 42/42 MP: 9/9
  5803 | D:6      | Reached skill level 1 in Long Blades
  5808 | D:6      | Killed a troll
  5890 | D:6      | Reached skill level 5 in Armour
  5916 | D:6      | Found a glowing drain.
  5920 | Sewer    | Entered a sewer
  6007 | Sewer    | Reached * piety under Makhleb
  6032 | Sewer    | Reached skill level 2 in Long Blades
  6322 | D:6      | Reached skill level 3 in Long Blades
  6426 | D:6      | Found an ancient bone altar of Kikubaaqudgha.
  6715 | D:6      | Reached XP level 9. HP: 46/46 MP: 10/10
  6924 | D:7      | Noticed a troll
  6936 | D:7      | Killed a troll
  6937 | D:7      | Reached skill level 4 in Long Blades
  7098 | D:7      | Noticed Dowan
  7099 | D:7      | Noticed Duvessa
  7102 | D:7      | Reached ** piety under Makhleb
  7116 | D:7      | Killed Duvessa
  7117 | D:7      | Reached skill level 5 in Long Blades
  7126 | D:7      | Killed Dowan
  7199 | D:7      | Reached skill level 5 in Fighting
  7210 | D:7      | Identified the +1 crystal plate armour "Hawketaa" {Dex+5}
  7318 | D:7      | Reached skill level 6 in Long Blades
  7408 | D:7      | You fall into a shaft and drop 1 floor!
  7853 | D:8      | Noticed a hornet
  7860 | D:8      | Paralysed by a hornet for 3 turns
  7867 | D:8      | Killed a hornet
  7868 | D:8      | Reached XP level 10. HP: 51/51 MP: 11/11
  7992 | D:8      | Reached skill level 7 in Long Blades
  8029 | D:8      | Found a staircase to the Lair.
  8232 | D:8      | Reached skill level 5 in Shields
  8537 | D:8      | Reached skill level 8 in Long Blades
  8899 | D:9      | Reached *** piety under Makhleb
  8970 | D:9      | Acquired the +12 crystal plate armour of Honour {rElec
                  | rPois Int+3}
  9062 | D:9      | Noticed Gastronok
  9079 | D:9      | Killed Gastronok
  9080 | D:9      | Reached XP level 11. HP: 58/58 MP: 12/12
  9164 | D:9      | Found a sparkling altar of Nemelex Xobeh.
  9294 | D:9      | Noticed Amaemon
  9309 | D:9      | Killed Amaemon
  9310 | D:9      | Reached skill level 9 in Long Blades
  9584 | D:10     | Entered Level 10 of the Dungeon
  9695 | D:10     | Found a faded altar of an unknown god.
  9695 | D:10     | Found a hazy altar of Hepliaklqana.
  9762 | D:10     | Found a glowing silver altar of Zin.
  9765 | D:10     | Found a bloodstained altar of Trog.
  9767 | D:10     | Found a shadowy altar of Dithmenos.
  9839 | D:10     | Found Dodohier's Antique Weapon Shoppe.
  9846 | D:10     | Found Ziudax's Armour Emporium.
  9945 | D:10     | Noticed a two-headed ogre
  9957 | D:10     | Killed a two-headed ogre
  9957 | D:10     | Noticed a wizard
  9957 | D:10     | Noticed a wizard
  9959 | D:10     | Noticed a two-headed ogre
  9964 | D:10     | Reached skill level 10 in Long Blades
  9978 | D:10     | Killed a two-headed ogre
  9993 | D:10     | Reached **** piety under Makhleb
 10001 | D:10     | Killed a wizard
 10007 | D:10     | Killed a wizard
 10079 | D:10     | Found Vaud's Assorted Antiques.
 10110 | D:10     | Found Taelaf's Magic Scroll Shop.
 10145 | D:10     | Noticed a wizard
 10160 | D:10     | Killed a wizard
 10161 | D:10     | Reached XP level 12. HP: 61/63 MP: 13/13
 10265 | D:10     | Found the +3 warlock's mirror {omnireflect}
 10328 | D:10     | Reached skill level 11 in Long Blades
 10670 | D:10     | Found Ubriewn's Antique Weapon Boutique.
 11577 | D:11     | Noticed Erolcha
 11584 | D:11     | Killed Erolcha
 12116 | D:11     | Found a burning altar of Makhleb.
 12131 | D:11     | Noticed a balrug
 12176 | D:11     | Noticed Urug
 12198 | D:11     | Killed Urug
 12322 | D:11     | Upgraded the game from 0.31-a0-7-g51783674b7 to
                  | 0.31-a0-8-gd14b0f4ee2
 12486 | D:11     | Reached skill level 12 in Long Blades
 12733 | D:11     | Noticed a boulder beetle
 12769 | D:11     | Killed a boulder beetle
 12917 | D:12     | Noticed a boulder beetle
 12942 | D:12     | Killed a boulder beetle
 12943 | D:12     | Reached XP level 13. HP: 69/69 MP: 14/14
 13416 | D:12     | Found a staircase to the Orcish Mines.
 13889 | D:12     | Gained mutation: You have sharp toenails. [potion of
                  | mutation]
 13889 | D:12     | Gained mutation: You have hidden genetic potential. [potion
                  | of mutation]
 13892 | Orc:1    | Entered Level 1 of the Orcish Mines
 13971 | Orc:1    | Reached ***** piety under Makhleb
 14179 | Orc:2    | Entered Level 2 of the Orcish Mines
 14282 | Orc:2    | Found a runed translucent door.
 14284 | Orc:2    | Noticed Brunhilda's ghost (journeyman MiFi)
 14318 | Orc:2    | Killed Brunhilda's ghost
 14536 | Orc:2    | Noticed an ettin
 14545 | Orc:2    | Killed an ettin
 14585 | Orc:2    | Found a staircase to the Elven Halls.
 14669 | Orc:2    | Killed from afar by an orc priest

Illustrated notes

Levels and vault maps discovered:
D:1:      spicycebolla_arrival_risky_transporter, layout_basic, chequers_jeans
D:2:      layout_loops_corners, chequers_arboretum, uniq_jessica
D:3:      layout_basic, uniq_ijyb
D:4:      layout_basic, minmay_temple_entry_ruins, nicolae_stop_n_shop_1,
          st_stairs_14
D:5:      layout_cave_pods, uniq_grinder
D:6:      layout_loops_ring, kennysheep_mini_moat, gup_sewer_entry_bowl
D:7:      layout_rooms, minmay_checkerbox, uniq_duvessa
D:8:      layout_loops_ring, due_lair_maze_entry_diamond
D:9:      layout_roguey, nemelex_spade_bored_becter, uniq_amaemon,
          uniq_gastronok
D:10:     minmay_smoke_and_mirrors, layout_layer_cave,
          chequers_temple_overflow_minitemple, serial_shops, shop,
          nicolae_shop_real_fake_doors, nicolae_shop_stone, shop_coins, shop,
          grunt_ministairs_15
D:11:     layout_grid_maze, makhleb_altar_promises_db, uniq_urug, uniq_erolcha
D:12:     layout_loops_cross, orc_0_dummy, amcnicky_mini_corridor_feature,
          lightli_wizard_tower
Temple:   nicolae_temple_superstar
Orc:1:    layout_caves, serial_shops, shop, basic_altar
Orc:2:    st_orc_pillars, layout_diamond_mine, ebering_ghost_reflecting_pool

Skill      XL: |  1  2  3  4  5  6  7  8  9 10 11 12 13 |
---------------+----------------------------------------+-----
Axes           | 2 3 4 5 |  5.8
Fighting       | 3 4 5 6 7 8 |  8.7
Armour         | 3 4 5 6 7 8 9 |  9.0
Shields        | 3 4 5 6 8 |  8.4
Stealth        | 1 |  1.7
Dodging        | 1 2 |  2.2
Long Blades    | 3 6 8 10 12 | 12.7
Evocations     | |  0.4

Action                     |  1- 3 |  4- 6 |  7- 9 | 10-12 | 13-15 || total
---------------------------+-------+-------+-------+-------+-------++-------
  Melee: War axe           |    54 |   130 |    26 |       |       ||   210
         Bite              |    13 |    40 |    61 |   162 |    40 ||   316
         Long sword        |       |       |   198 |   460 |   112 ||   770
  Evoke: Wand              |       |       |       |     1 |     1 ||     2
    Use: Scroll            |       |     8 |     8 |    15 |     3 ||    34
         Potion            |       |       |       |       |     1 ||     1
 Armour: Scale mail        |    17 |    17 |       |       |       ||    34
         Chain mail        |       |    50 |   120 |       |       ||   170
         Crystal plate arm |       |       |    58 |   463 |    73 ||   594
  Dodge: Dodged            |    33 |    72 |   144 |   165 |    26 ||   440
  Block: Buckler           |    15 |    47 |    55 |   189 |    55 ||   361
         Reflection        |       |       |       |     6 |     1 ||     7

Table legend: (Time is in decaauts)
 A = Elapsed time spent in this place.
 B = Non-inter-level travel time spent in this place.
 C = Inter-level travel time spent in this place.
 D = Time resting spent in this place.
 E = Time spent auto-exploring this place.
 F = Levels seen in this place.
 G = Mean time per level.
                   A        B        C        D        E       F      G
               +--------+--------+--------+--------+--------+-----+--------+
         Total |  14851 |  14851 |      0 |   1817 |      0 |  16 |  928.2 |
       Dungeon |  13546 |  13546 |      0 |   1599 |      0 |  12 | 1128.8 |
        Temple |    138 |    138 |      0 |      0 |      0 |   1 |  138.0 |
  Orcish Mines |    699 |    699 |      0 |    160 |      0 |   2 |  349.5 |
         Sewer |    467 |    467 |      0 |     58 |      0 |   1 |  467.0 |
               +--------+--------+--------+--------+--------+-----+--------+

Top non-repeatable levels by time:
    D:10: 1887 daAuts
     D:1: 1531 daAuts
    D:11: 1345 daAuts
     D:8: 1261 daAuts
     D:4: 1167 daAuts
     D:2: 1117 daAuts
    D:12: 1090 daAuts
     D:5: 984 daAuts
     D:3: 869 daAuts
     D:7: 777 daAuts
     D:6: 773 daAuts
     D:9: 738 daAuts
   Orc:2: 480 daAuts
   Sewer: 467 daAuts
   Orc:1: 218 daAuts
